 Dungeon Crawl Stone Soup version 0.23.1 (webtiles) character file.

Game seed: 16154347129691479114

37 Wonkle the Stinger (level 3, -3/21 HPs)
             Began as an Octopode Venom Mage on Mar 16, 2019.
             Slain by a worm (10 damage)
             ... on level 2 of the Dungeon.
             The game lasted 00:02:56 (1384 turns).

Wonkle the Stinger (Octopode Venom Mage)            Turns: 1384, Time: 00:02:56

Health: -3/21      AC:  1    Str:  7    XL:     3   Next: 39%
Magic:  1/6        EV: 14    Int: 17    God:
Gold:   39         SH:  0    Dex: 13    Spells: 3/6 levels left

rFire    . . .     SeeInvis +   s - +0 rapier
rCold    . . .     Gourm    .   (no shield)
rNeg     . . .     Faith    .   c - +0 hat {SInv}
rPois    .         Spirit   .   (no amulet)
rElec    .         Reflect  .   q - ring of teleportation (curse)
rCorr    .         Harm     .   (no ring)
MR       .....     Rnd*Tele +   (no ring)
Stlth    +++.......             (no ring)
HPRegen  0.07/turn              (no ring)
MPRegen  0.10/turn              (no ring)
                                (no ring)
                                (no ring)

@: no status effects
A: almost no armour, stealthy swim, amphibious, 8 rings, constrict 8, camouflage
1, gelatinous body 1
a: no special abilities


You were on level 2 of the Dungeon.
You were not hungry.

You visited 1 branch of the dungeon, and saw 2 of its levels.

You collected 39 gold pieces.

Inventory:

Hand Weapons
 j - a +0 club
 l - a +0 dagger
 s - a +0 rapier (weapon)
Armour
 c - a +0 hat of see invisible (worn)
Jewellery
 q - a cursed ring of teleportation (left tentacle)
Scrolls
 a - a scroll of noise {unknown}
 e - a scroll of remove curse {unknown}
 f - a scroll of enchant weapon {unknown}
 h - a scroll of amnesia {unknown}
 i - a scroll of teleportation {unknown}
 k - a scroll of magic mapping {unknown}
 m - a scroll of blinking {unknown}
 n - a scroll of immolation {unknown}
 p - a scroll of identify {unknown}
 r - a scroll of random uselessness {unknown}
Potions
 d - a potion of lignification {unknown}
 g - a potion of degeneration {unknown}
 t - a potion of magic {unknown}
Comestibles
 b - 3 rations
 o - 3 chunks of flesh


   Skills:
 + Level 0.1 Maces & Flails
 + Level 2.4 Dodging
 + Level 3.1 Stealth
 + Level 0.2 Unarmed Combat
 + Level 2.3 Spellcasting
 - Level 1.0 Conjurations
 * Level 1.0 Air Magic
 + Level 4.0 Poison Magic


You had 3 spell levels left.
You knew the following spells:

 Your Spells              Type           Power        Failure   Level  Hunger
a - Sting                 Conj/Pois      ##..         7%          1    #......
b - Poisonous Vapours     Pois/Air       ##....       10%         2    ###....

Your spell library contained the following spells:

 Spells                   Type           Power        Failure   Level  Hunger
 Mephitic Cloud           Conj/Pois/Air  #.......     24%         3    ###....
 Olgreb's Toxic Radiance  Pois           ###.....     34%         4    #####..
 Venom Bolt               Conj/Pois      ##........   88%         5    ######.


Dungeon Overview and Level Annotations

Branches:
Dungeon (2/15)

Altars:


Innate Abilities, Weirdness & Mutations

You cannot wear most types of armour.
You are very stealthy in the water. (Stealth+)
You are amphibious.
You can wear up to eight rings at the same time.
You can use your tentacles to constrict eight enemies at once.
Your skin changes colour to match your surroundings (Stealth+).
Your rubbery body absorbs attacks. (AC +1, EV +1)


Message History

You barely miss the goblin. Your grab misses the goblin. The goblin hits you.
You closely miss the goblin. You grab the goblin. You constrict the goblin.
The goblin barely misses you. The goblin hits you.
You hit the goblin.
You kill the goblin!
You hit the worm. You grab the worm. You squeeze the worm.
The worm is heavily wounded.
You constrict the worm. You hit the worm.
The worm is severely wounded.
You constrict the worm. The worm bites you!
Ouch! That really hurt!
You are too injured to fight recklessly!
You are too injured to fight recklessly!
You are too injured to fight recklessly!
You are too injured to fight recklessly!
You hit the worm but do no damage.
The worm is severely wounded.
You constrict the worm. The worm bites you!
You die...

.............##
......).....).#
..............#
<.............#
............[.##
....
......)........##
....
................##
.w...
.....†)......##..#
.....
.....#<.....####@###
..g... ######.######
#.w.##...... #.#
###...^..... #.#
#.......... #.#
#....$..... #..
#.......... ##.
#.......... #
#...?......
#####.#####


You could see a worm.

Vanquished Creatures
  An adder (D:2)
  A dart slug (D:1)
  2 leopard geckos (D:1)
  A giant cockroach (D:1)
  5 goblins
  4 hobgoblins
  A ball python (D:1)
  3 bats
  3 kobolds
  2 rats (D:1)
23 creatures vanquished.

Notes
Turn   | Place    | Note
-------+----------+-------------------------------------------
     0 | D:1      | Wonkle the Octopode Venom Mage began the quest for the Orb.
     0 | D:1      | Reached XP level 1. HP: 11/11 MP: 3/3
   475 | D:1      | Reached XP level 2. HP: 17/17 MP: 0/5
   485 | D:1      | Learned a level 2 spell: Poisonous Vapours
   835 | D:1      | Reached skill level 4 in Poison Magic
  1304 | D:2      | Reached skill level 1 in Air Magic
  1304 | D:2      | Reached XP level 3. HP: 19/21 MP: 1/6
  1384 | D:2      | Slain by a worm

Skill      XL: |  1  2 |
---------------+-------+-----
Poison Magic   | 4 |  4.0
Stealth        | 3 |  3.1
Air Magic      | 1 |  1.0
Maces & Flails | |  0.1
Dodging        | |  2.4
Unarmed Combat | |  0.2
Spellcasting   | |  2.3
Conjurations   | |  1.0

Action                   || total
-------------------------++-------
Melee: Unarmed           ||    20
       Constrict         ||     8
       Tentacles         ||     7
       Club              ||     9
       Rapier            ||     9
 Cast: Sting             ||     8
       Poisonous Vapours ||    10
 Stab: Sleeping          ||     2
  Eat: Chunk             ||     2
Armor: Skin              ||     6
Dodge: Dodged            ||    23
